 Dungeon Crawl Stone Soup version 0.26.1-11-gd32895ea62 (webtiles) character file.

Game seed: 16638433062079488528

100 nothank2 the Grave Robber (level 4, -9/21 HPs)
             Began as a Vine Stalker Necromancer on July 15, 2021.
             Mangled by Crazy Yiuf
             ... wielding a +2 quarterstaff of chaos
              (11 damage)
             ... on level 3 of the Dungeon.
             The game lasted 00:07:23 (3686 turns).

nothank2 the Grave Robber (VSNe)                    Turns: 3686, Time: 00:07:24

Health: -9/21      AC:  3    Str: 10    XL:     4   Next: 73%
Magic:  0/10       EV: 12    Int: 16    God:
Gold:   116        SH:  0    Dex: 15    Spells: 7/9 levels left

rFire    . . .     SeeInvis +   h - +0 dagger
rCold    . . .     Faith    .   (no shield)
rNeg     . . .     Spirit   +   a - +0 robe
rPois    .         Reflect  .   (no helmet)
rElec    .         Harm     .   f - +0 cloak
rCorr    .         Rampage  .   (no gloves)
Will     .....                  (no boots)
Stlth    ++........             (no amulet)
HPRegen  0.47/turn              d - ring of see invisible
MPRegen  0.12/turn              (no ring)

@: lethally poisoned (-9 -> -9)
A: fangs 2, regeneration 1, magic shield, antimagic bite, no potion heal 3
a: no special abilities


You were on level 3 of the Dungeon.
You visited 1 branch of the dungeon, and saw 3 of its levels.

You collected 116 gold pieces.

Inventory:

Hand Weapons
 b - a +0 club
 h - a +0 dagger (weapon)
Armour
 a - a +0 robe (worn)
 f - a +0 cloak (worn)
Jewellery
 d - a ring of see invisible (left hand)
 n - a cursed amulet of inaccuracy {unknown}
Scrolls
 e - a scroll of enchant weapon {unknown}
 g - 2 scrolls of teleportation {unknown}
 i - 2 scrolls of enchant armour {unknown}
 k - a scroll of fear {unknown}
 l - a scroll of remove curse {unknown}
 o - a scroll of identify {unknown}
 p - a scroll of magic mapping {unknown}
Potions
 c - a potion of might
 j - a potion of attraction {unknown}
 m - a potion of degeneration {unknown}
 q - a potion of brilliance {unknown}


   Skills:
 + Level 0.2 Short Blades
 + Level 1.7 Dodging
 + Level 3.3 Stealth
 + Level 3.3 Spellcasting
 + Level 4.9 Necromancy


You had 7 spell levels left.
You knew the following spells:

 Your Spells              Type           Power        Failure   Level
a - Pain                  Necr           72%          2%          1
b - Animate Skeleton      Necr           36%          2%          1

Your spell library contained the following spells:

 Spells                   Type           Power        Failure   Level
 Vampiric Draining        Necr           9%           7%          3
 Animate Dead             Necr           9%           24%         4
 Agony                    Necr           18%          54%         5


Dungeon Overview and Level Annotations

Branches:
Dungeon (3/15)

Altars:
Hepliaklqana

Annotations:
D:3 Crazy Yiuf


Innate Abilities, Weirdness & Mutations

You have extremely sharp teeth.
Your natural rate of healing is unusually fast.
When hurt, damage is shared between your health and your magic reserves.
Your bite disrupts and absorbs the magic of your enemies.
Potions cannot restore your health.


Message History

You are poisoned.
Crazy Yiuf barely resists.
You feel sick.
Crazy Yiuf hits you with a +2 quarterstaff of chaos!
Crazy Yiuf burns you.
* * * LOW HITPOINT WARNING * * *
You are too injured to fight recklessly!
You are too injured to fight recklessly!
Aiming: Pain (safe; 2% risk of failure)
Press: ? - help, Q - select action, (/) - cycle Shift-Dir - straight line, f/p - Crazy Yiuf
Aim: Crazy Yiuf, wielding a +2 quarterstaff of chaos and wearing a +0 cloak (moderately wounded, chance to affect: 84%) Crazy Yiuf writhes in agony.
You feel sick. Crazy Yiuf barely misses you.
Aiming: Pain (safe; 2% risk of failure)
Press: ? - help, Q - select action, (/) - cycle Shift-Dir - straight line, f/p - Crazy Yiuf
Aim: Crazy Yiuf, wielding a +2 quarterstaff of chaos and wearing a +0 cloak (heavily wounded, chance to affect: 84%) Crazy Yiuf writhes in agony!
You feel sick.
Crazy Yiuf hits you with a +2 quarterstaff of chaos!
Ouch! That really hurt!
You die...

#+..+###..#........
#....# ##.#......(.
♣....♣ #.#......#.
♣♣...♣ #........'.
♣♣.♣♣ ###......##
♣♣.♣ #......## ♣.♣♣
######### ♣♣.♣ ♣@♣♣
#g# ... #...# #)..#
#####


You could see Crazy Yiuf.

Vanquished Creatures
  4 adders
  4 dart slugs
  2 leopard geckos
  4 giant cockroaches
  7 goblins
  6 hobgoblins
  2 jackals (D:3)
  A quokka (D:2)
  9 bats
  A frilled lizard (D:1)
  5 kobolds (D:2)
  4 rats
49 creatures vanquished.

Notes
Turn   | Place    | Note
-------+----------+-------------------------------------------
     0 | D:1      | nothank2 the Vine Stalker Necromancer began the quest for
                  | the Orb.
     0 | D:1      | Reached XP level 1. HP: 9/9 MP: 4/4
   725 | D:1      | Reached XP level 2. HP: 12/13 MP: 3/6
   768 | D:1      | Learned a level 1 spell: Animate Skeleton
  1543 | D:2      | Reached XP level 3. HP: 14/16 MP: 4/7
  2857 | D:3      | Gained mutation: Your natural rate of healing is unusually
                  | fast. [Vine Stalker growth]
  2857 | D:3      | Reached XP level 4. HP: 15/21 MP: 3/9
  3252 | D:3      | Found a hazy altar of Hepliaklqana.
  3678 | D:3      | Found a runed translucent door.
  3679 | D:3      | Noticed Crazy Yiuf
  3686 | D:3      | Mangled by Crazy Yiuf

Illustrated notes

Levels and vault maps discovered:
D:1:      lemuel_arrival_muddy, layout_basic
D:2:      layout_rooms, minmay_goblin_outpost
D:3:      layout_basic, nzn_hepliaklqana_mist_gate, uniq_crazy_yiuf_cottage

Skill      XL: |  1  2  3  4 |
---------------+-------------+-----
Spellcasting   | 3 |  3.3
Stealth        | 3 |  3.3
Short Blades   | |  0.2
Dodging        | |  1.7
Necromancy     | |  4.9

Action                   |  1- 3 |  4- 6 || total
-------------------------+-------+-------++-------
Melee: Dagger            |    20 |     7 ||    27
       Club              |     2 |       ||     2
       Bite              |     5 |     2 ||     7
 Cast: Pain              |    54 |    21 ||    75
       Animate Skeleton  |     1 |     1 ||     2
  Use: Potion            |     4 |       ||     4
 Stab: Sleeping          |     6 |     5 ||    11
Armor: Robe              |     8 |     2 ||    10
Dodge: Dodged            |    28 |     6 ||    34
